 Dungeon Crawl Stone Soup version 0.29.1-15-g9cfb28693d (webtiles) character file.

Game seed: 4291451751249270057

1654 BuddhaDhamma the Cleaver (level 8, -2/96 HPs)
             Began as a Minotaur Berserker on Mar 24, 2023.
             Was a Priest of Trog.
             Slain by a ten-headed hydra (7 damage)
             ... on level 7 of the Dungeon.
             The game lasted 00:08:50 (6099 turns).

BuddhaDhamma the Cleaver (Minotaur Berserker)       Turns: 6099, Time: 00:08:50

Health: -2/96      AC: 10    Str: 24    XL:     8   Next: 68%
Magic:  7/7        EV:  8    Int:  4    God:    Trog [***...]
Gold:   305        SH:  5    Dex: 10    Spells: 7/7 levels left

rFire   . . .      SeeInvis .   r - +1 hand axe (venom)
rCold   . . .      Faith    .   (no shield)
rNeg    . . .      Spirit   .   e - +0 chain mail
rPois   .          Reflect  +   (helmet restricted)
rElec   .          Harm     .   (no cloak)
rCorr   .          Rampage  .   m - +1 pair of gloves
Will    .....                   (no boots)
Stlth   ..........              p - amulet of reflection
HPRegen 0.26/turn               (no ring)
MPRegen 0.10/turn               (no ring)

@: berserking, very quick
A: horns 2, retaliatory headbutt
a: Renounce Religion, Berserk, Trog's Hand


You were on level 7 of the Dungeon.
You worshipped Trog.
Trog was most pleased with you.
You visited 1 branch of the dungeon, and saw 7 of its levels.

You collected 305 gold pieces.

Inventory:

Hand Weapons
 r - a +1 hand axe of venom (weapon)
Missiles
 w - 6 poisoned darts (quivered)
Armour
 e - a +0 chain mail (worn)
 m - a +1 pair of gloves (worn)
Jewellery
 p - an amulet of reflection (around neck)
Wands
 x - a wand of digging (5)
 A - a wand of flame (26)
Scrolls
 c - 5 scrolls of teleportation
 h - a scroll of immolation
 j - 3 scrolls of blinking
Potions
 a - 2 potions of haste
 b - 7 potions of curing
 f - 2 potions of invisibility
 i - a potion of ambrosia {unknown}
 k - a potion of mutation {unknown}
 l - 3 potions of degeneration
 o - 3 potions of attraction
 q - 2 potions of brilliance
 s - 2 potions of might
 z - a potion of heal wounds {unknown}
 B - 2 potions of flight


   Skills:
 - Level 3.6 Fighting
 + Level 13.5 Axes
 - Level 2.4 Armour
 - Level 2.1 Dodging


You had 7 spell levels left.
You didn't know any spells.
Your spell library was empty.

Dungeon Overview and Level Annotations

Branches:
Dungeon (7/15)
 Temple: D:4-7

Altars:
Cheibriados
Okawaru
Uskayaw
Vehumet

Shops:
D:6 :


Innate Abilities, Weirdness & Mutations

You have a pair of horns on your head.
You reflexively headbutt those who attack you in melee.


Message History

The seven-headed hydra bites you!
You chop one of the seven-headed hydra's heads off!
The six-headed hydra grows two more!
You slice the eight-headed hydra!!
The eight-headed hydra is moderately wounded.
You slice one of the eight-headed hydra's heads off!
The seven-headed hydra grows two more!
You slice the nine-headed hydra!!
The nine-headed hydra looks as sick as possible!
The nine-headed hydra is moderately wounded.
You completely miss the nine-headed hydra.
You headbutt the nine-headed hydra.
The nine-headed hydra is heavily wounded.
The nine-headed hydra bites you!
You block the nine-headed hydra's attack.
The nine-headed hydra bites you. The nine-headed hydra bites you!
The nine-headed hydra bites you but does no damage. x2
The nine-headed hydra bites you! x2
The nine-headed hydra closely misses you.
You lop one of the nine-headed hydra's heads off!
The eight-headed hydra grows two more!
You slash the ten-headed hydra!
The ten-headed hydra is heavily wounded.
You completely miss the ten-headed hydra.
You headbutt the ten-headed hydra!! You punch the ten-headed hydra!
The ten-headed hydra is almost dead.
You barely miss the ten-headed hydra.
The ten-headed hydra is almost dead.
The ten-headed hydra bites you!
* * * LOW HITPOINT WARNING * * *
The ten-headed hydra completely misses you.
The ten-headed hydra bites you but does no damage.
The ten-headed hydra completely misses you.
The ten-headed hydra bites you!
* * * LOW HITPOINT WARNING * * *
The ten-headed hydra bites you.
* * * LOW HITPOINT WARNING * * *
The ten-headed hydra bites you but does no damage.
The ten-headed hydra bites you.
* * * LOW HITPOINT WARNING * * *
The ten-headed hydra closely misses you.
The ten-headed hydra bites you!
You die...

....
....
.....
.....
.....
..Y#####
#....#
+.<@.#
#..D.+
#....#
######


You could see a ten-headed hydra (extremely poisoned) and an ice beast.

Vanquished Creatures
  A hornet (D:6)
  Grinder (D:6)
  A water moccasin (D:6)
  3 ice beasts
  An ogre (D:5)
  A kobold brigand (D:6)
  A bullfrog (D:4)
  A necrophage (D:6)
  2 scorpions
  A howler monkey (D:6)
  An orc priest (D:3)
  2 jellies (D:6)
  Jessica (D:2)
  3 iguanas
  4 gnolls (D:2)
  8 adders
  2 ufetubi (D:5)
  4 dart slugs (D:4)
  21 orcs
  8 endoplasms
  A giant cockroach (D:4)
  3 goblins
  3 hobgoblins
  4 jackals
  13 kobolds
  4 quokkas
  6 ball pythons
  5 bats
  3 frilled lizards
  5 rats
114 creatures vanquished.

Vanquished Creatures (others)
  A fungus (D:3)
  A plant (D:3)
2 creatures vanquished.

Grand Total: 116 creatures vanquished

Notes
Turn   | Place    | Note
-------+----------+-------------------------------------------
     0 | D:1      | BuddhaDhamma the Minotaur Berserker began the quest for the
                  | Orb.
     0 | D:1      | Reached XP level 1. HP: 19/19 MP: 0/0
    22 | D:1      | Reached skill level 4 in Axes
    68 | D:1      | Reached XP level 2. HP: 20/26 MP: 1/1
   337 | D:1      | Reached ** piety under Trog
   674 | D:1      | Reached skill level 5 in Axes
   951 | D:2      | Reached XP level 3. HP: 31/31 MP: 2/2
   983 | D:2      | Reached skill level 6 in Axes
   983 | D:2      | Reached XP level 4. HP: 33/39 MP: 3/3
  1368 | D:2      | Noticed Jessica
  1372 | D:2      | Killed Jessica
  1857 | D:3      | Found a radiant altar of Vehumet.
  2330 | D:3      | Reached skill level 7 in Axes
  2330 | D:3      | Reached XP level 5. HP: 30/45 MP: 4/4
  2556 | D:3      | Noticed a +0 spear
  2617 | D:3      | Found a faded altar of an unknown god.
  2738 | D:3      | Noticed a +0 short sword
  2738 | D:3      | Noticed a +0 falchion
  2738 | D:3      | Noticed a +0 spear
  2738 | D:3      | Noticed a +0 short sword
  2739 | D:3      | Noticed a +0 dagger
  2739 | D:3      | Noticed a +0 falchion
  2739 | D:3      | Noticed a +0 dagger
  2743 | D:3      | Found a hide-covered altar of Uskayaw.
  2836 | D:4      | Found an iron altar of Okawaru.
  2997 | D:4      | Reached skill level 8 in Axes
  2998 | D:4      | Reached XP level 6. HP: 51/51 MP: 5/5
  3124 | D:4      | You fall into a shaft and drop 1 floor!
  3124 | D:5      | Entered Level 5 of the Dungeon
  3295 | D:5      | Reached skill level 9 in Axes
  3419 | D:5      | Noticed an ice beast
  3426 | D:5      | Killed an ice beast
  3427 | D:5      | Reached XP level 7. HP: 57/57 MP: 6/6
  3472 | D:5      | Found a snail-covered altar of Cheibriados.
  3685 | D:4      | Reached skill level 10 in Axes
  3714 | D:4      | Reached *** piety under Trog
  4381 | D:6      | Reached skill level 11 in Axes
  4807 | D:6      | Reached XP level 8. HP: 64/64 MP: 7/7
  4808 | D:6      | Noticed a hornet
  4817 | D:6      | Killed a hornet
  4818 | D:6      | Reached skill level 12 in Axes
  5105 | D:6      | Identified the +2 leather armour of the Swan {Str+9}
  5361 | D:6      | Noticed Grinder
  5379 | D:6      | Killed Grinder
  5380 | D:6      | Reached skill level 13 in Axes
  5707 | D:6      | Found Sievuc's Book Shop.
  6091 | D:7      | Noticed a seven-headed hydra
  6099 | D:7      | Slain by a ten-headed hydra

Illustrated notes

Levels and vault maps discovered:
D:1:      spicycebolla_green_bress_n_ham, layout_basic
D:2:      layout_loops_cross, nicolae_titane, uniq_jessica
D:3:      layout_basic, lemuel_doored_altar, nicolae_uskayaw_en_pointe,
          dreamdust_ecumenical_altar_grove
D:4:      layout_rooms, okawaru_ov_weapons_minmay
D:5:      layout_basic, cheibriados_altar_1, minmay_between
D:6:      layout_loops_corners, serial_shops, nicolae_shop_hallway_stairs,
          minmay_misc_feat_roman, st_stairs_6, uniq_grinder
D:7:      layout_gridville, nicolae_wu_jian_wuxing_cycle,
          gammafunk_temple_overflow_forgotten, temple_hall, uniq_pikel

Skill      XL: |  1  2  3  4  5  6  7  8 |
---------------+-------------------------+-----
Axes           | 4 5 6 7 8 9 11 13 | 13.5
Fighting       | |  3.6
Armour         | |  2.4
Dodging        | |  2.1

Action                   |  1- 3 |  4- 6 |  7- 9 || total
-------------------------+-------+-------+-------++-------
Melee: Hand axe          |    57 |   129 |   137 ||   323
       Headbutt          |    10 |    18 |    28 ||    56
       Punch             |       |     1 |     3 ||     4
Throw: Throwing net      |     1 |       |       ||     1
Invok: Berserk           |     1 |     1 |     2 ||     4
  Use: Potion            |       |       |     1 ||     1
       Scroll            |       |       |    16 ||    16
Armor: Animal skin       |     5 |       |       ||     5
       Chain mail        |     9 |    55 |    36 ||   100
Dodge: Dodged            |    13 |    38 |    33 ||    84
Block: Other             |       |    19 |    20 ||    39
